 Dungeon Crawl Stone Soup version 0.32-a0-975-g85d4e5bfdb (webtiles) character file.

Game seed: 16390516702903386324

136099 nel the Lord of Darkness (level 16, -1/124 HPs)
             Began as a Demonspawn Necromancer on Apr 17, 2024.
             Was the Champion of Kikubaaqudgha.
             Hit by a silver javelin thrown by a merfolk javelineer (4 damage)
             ... on level 3 of the Shoals on Apr 18, 2024.
             The game lasted 03:05:50 (25414 turns).

nel the Lord of Darkness (Demonspawn Necromancer)  Turns: 25414, Time: 03:05:50

Health: -1/124     AC: 12    Str:  9    XL:     16   Next: 43%
Magic:  19/31      EV: 23    Int: 24    God:    Kikubaaqudgha [******]
Gold:   1376       SH:  6    Dex: 16    Spells: 1/23 levels left

rFire   . . .        e - +4 great sword (pain)
rCold   + . .        (shield currently unavailable)
rNeg    + . .        U - +1 leather armour of Submission {Fly rC+ Int+3}
rPois   .            (helmet unavailable)
rElec   .            J - +1 cloak
rCorr   .            f - +2 pair of gloves
SInv    +            q - +2 pair of boots
Will    +....        o - amulet of regeneration
Stlth   ++           E - ring of positive energy
HPRegen 1.20/turn    T - ring of magical power
MPRegen 0.22/turn

%: no passive effects
@: agile, death channelling, engulfed (cannot breathe), animating dead, flying
A: antennae 3, large bone plates 2, powered by pain 1, demonic magic 3
a: Renounce Religion, Unearth Wretches, Torment


You were on level 3 of the Shoals.
You worshipped Kikubaaqudgha.
Kikubaaqudgha was exalted by your worship.
You visited 5 branches of the dungeon, and saw 26 of its levels.
You also visited: Sewer.

You collected 3054 gold pieces.
You spent 1678 gold pieces at shops.

Inventory:

Hand Weapons
 c - a +2 scimitar of flaming
 e - a +4 great sword of pain (weapon)
Missiles
 i - 4 throwing nets
 L - 15 curare-tipped darts
Armour
 f - a +2 pair of gloves (worn)
 q - a +2 pair of boots (worn)
 J - a +1 cloak (worn)
 O - a scarf of resistance
 S - a +2 hat of stealth
 U - the +1 leather armour of Submission (worn) {Fly rC+ Int+3}
   (You found it on level 6 of the Dungeon)

   Int+3:     It affects your intelligence (+3).
   rC+:       It protects you from cold.
   Fly:       It grants you flight.
Jewellery
 g - a ring of flight
 o - an amulet of regeneration (around neck)
 D - an amulet of the acrobat
 E - a ring of positive energy (left hand)
 M - a ring of resist corrosion
 N - a ring of poison resistance
 P - a ring of willpower
 T - a ring of magical power (right hand)
 Y - a ring of protection from fire
Wands
 b - a wand of digging (5)
 y - a wand of acid (9)
 A - a wand of polymorph (1)
 C - a wand of flame (45)
 K - a wand of charming (42)
Scrolls
 a - 4 scrolls of poison
 d - 7 scrolls of teleportation
 h - 2 scrolls of fear
 k - 6 scrolls of immolation
 l - a scroll of identify
 p - a scroll of summoning
 t - 2 scrolls of fog
 v - a scroll of torment
 w - a scroll of silence
 x - 2 scrolls of revelation
 F - 3 scrolls of amnesia
 Q - a scroll of vulnerability
Potions
 j - 2 potions of magic
 m - 2 potions of enlightenment
 n - 5 potions of mutation
 r - 2 potions of resistance
 s - 2 potions of attraction
 u - 14 potions of curing
 z - a potion of might
 G - 6 potions of heal wounds
 H - 3 potions of cancellation
 I - 2 potions of lignification
 W - a potion of ambrosia
 Z - 4 potions of brilliance
Miscellaneous
 B - a lightning rod (4/4)
 V - a box of beasts


   Skills:
 - Level 10.7 Fighting
 * Level 14.1 Long Blades
 - Level 1.7 Staves
 - Level 3.0 Armour
 + Level 14.0 Dodging
 - Level 1.7 Stealth
 - Level 4.0 Spellcasting
 + Level 18.2 Necromancy
 + Level 7.5 Evocations


You had one spell level left.
You knew the following spells:

 Your Spells              Type           Power      Damage    Failure   Level
a - Necrotise             Necr           100%       1d9       0%          1
b - Vampiric Draining     Necr           75%        2d11      1%          3
c - Animate Dead          Necr           75%        N/A       1%          4
d - Curse of Agony        Necr           75%        N/A       1%          5
e - Death Channel         Necr           37%        N/A       1%          6
f - Fugue of the Fallen   Necr           75%        N/A       1%          3

Your spell library contained the following spells:

 Spells                   Type           Power      Damage    Failure   Level
 Magic Dart               Conj           16%        1d3       13%         1
 Sandblast                Erth           8%         2d5       13%         1
 Summon Small Mammal      Summ           16%        N/A       13%         1
 Sublimation of Blood     Necr           75%        N/A       0%          2
 Anguish                  Hex/Necr       24%        N/A       3%          4
 Martyr's Knell           Necr/Summ      48%        N/A       3%          4
 Borgnjor's Vile Clutch   Necr/Erth      24%        N/A       9%          5
 Blink                    Tloc           8%         N/A       21%         2
 Call Imp                 Summ           8%         N/A       21%         2
 Ensorcelled Hibernation  Hex/Ice        8%         N/A       21%         2
 Lesser Beckoning         Tloc           8%         N/A       21%         2
 Call Canine Familiar     Summ           4%         N/A       36%         3
 Dazzling Flash           Conj/Hex       8%         N/A       36%         3
 Inner Flame              Hex/Fire       4%         N/A       36%         3
 Maxwell's Portable Pile  Tloc           4%         2d(5-14)  36%         3
 Ozocubu's Armour         Ice            4%         N/A       36%         3
 Passwall                 Erth           4%         N/A       36%         3
 Sigil of Binding         Hex            4%         N/A       36%         3
 Stone Arrow              Conj/Erth      8%         3d7       36%         3
 Swiftness                Air            4%         N/A       36%         3
 Teleport Other           Tloc           4%         N/A       36%         3
 Tukima's Dance           Hex            4%         N/A       36%         3
 Volatile Blastmotes      Fire/Tloc      8%         2d10      36%         3
 Airstrike                Air            2%         2d(1-17)  78%         4
 Cause Fear               Hex            2%         N/A       78%         4
 Dimensional Bullseye     Hex/Tloc       2%         N/A       78%         4
 Iskenderun's Mystic Bla Conj/Tloc 4%             2d3        (+2d1     78%         4
 Olgreb's Toxic Radiance  Alch           4%         N/A       78%         4
 Summon Blazeheart Golem  Fire/Summ      4%         N/A       78%         4
 Summon Lightning Spire   Summ/Air       4%         N/A       78%         4
 Vhi's Electric Charge    Tloc/Air       8%         N/A       78%         4
 Arcjolt                  Conj/Air       2%         1d12      98%         5
 Irradiate                Conj/Alch      2%         3d12      98%         5
 Gell's Gavotte           Tloc           2%         2d(12-18) 100%        6
 Starburst                Conj/Fire      2%         6d3       100%        6
 Enfeeble                 Hex            2%         N/A       100%        7
 Manifold Assault         Tloc           2%         N/A       100%        7
 Ozocubu's Refrigeration  Ice            2%         4d7       100%        7
 Discord                  Hex            2%         N/A       100%        8
 Fulsome Fusillade        Conj/Alch      2%         (3-5)d4   100%        8
 Ignition                 Fire           2%         3d3       100%        8
 Maxwell's Capacitive Co  Air            2%         ∞         100%        8


Dungeon Overview and Level Annotations

Branches:
Dungeon (15/15)            Temple (1/1) D:7            Lair (5/5) D:8
 Shoals (3/4) Lair:2       Spider (0/4) Lair:2        Slime (0/5) Lair:4
    Orc (2/2) D:10            Elf (0/3) Orc:2        Vaults (0/5) D:13
 Depths (0/4) D:15          Sewer (visited)

Altars:
Ashenzari
Cheibriados
Dithmenos
Fedhas
Gozag
Hepliaklqana
Kikubaaqudgha
Makhleb
Nemelex Xobeh
Okawaru
Qazlal
Ru
Sif Muna
Trog
Uskayaw
Vehumet
Wu Jian
Xom
Yredelemnul
Beogh
Jiyva

Shops:
D:3 !   D:14 (   Orc:2 **:=*   Shoals:1 *   Shoals:2 :

Annotations:
D:4 Menkaure
Lair:1 exclusion: 2 oklob plants
Lair:3 2 transporters


Innate Abilities, Weirdness & Mutations

You have a pair of large antennae on your head. (SInv)
You are mostly covered in large bone plates. (SH +6)
You sometimes gain a little power by taking damage.
Spells you cast and wands you use may paralyse nearby enemies.


Message History

Unknown command.
Your spectral merfolk aquamancer hits the merfolk.
Your spectral merfolk impaler hits the alligator snapping turtle but does no damage.
The merfolk barely misses your merfolk aquamancer zombie.
The alligator snapping turtle barely misses your spectral merfolk impaler.
The water elemental closely misses your merfolk aquamancer zombie.
Your spectral merfolk impaler hits the alligator snapping turtle.
Your spectral merfolk impaler drains the alligator snapping turtle.
Your merfolk aquamancer zombie hits the merfolk.
The merfolk javelineer throws a silver javelin.
The silver javelin pierces through you!!
* * * LOW HITPOINT WARNING * * *
You focus on the pain.
You feel agile all of a sudden. The silver sears you!
* * * LOW HITPOINT WARNING * * *
Okay, then.
Unknown command.
Unknown command.
As you read the scroll of fear, it crumbles to dust.
You assume a fearsome visage.
The merfolk looks frightened! x2
The merfolk javelineer resists with some effort.
The alligator snapping turtle looks frightened!
The water elemental is unaffected. x3
Your spectral merfolk aquamancer hits the merfolk.
Your spectral merfolk aquamancer drains the merfolk.
Your spectral merfolk aquamancer's attack snaps the merfolk out of its fear.
Your spectral merfolk impaler hits the alligator snapping turtle but does no damage.
Your spectral merfolk impaler's attack snaps the alligator snapping turtle out of its fear.
The merfolk hits your merfolk aquamancer zombie with a +0 spear!
The water elemental hits you.
The water elemental engulfs you in water!
The water elemental barely misses your merfolk aquamancer zombie.
The alligator snapping turtle bites your spectral merfolk aquamancer!
The merfolk javelineer throws a silver javelin.
The silver javelin pierces through you!
* * * LOW HITPOINT WARNING * * *
The silver sears you!
You die...
Kikubaaqudgha rasps: You have failed me!
Welcome... death!

~≈≈≈≈≈≈≈≈≈~~~~≈≈≈≈≈~~~~~~~~
~~≈≈≈≈≈≈~~~~~~~~~~≈~~>~~~~.
~~≈≈≈≈≈≈~~~..E~~~†~†~~~~~~.
.~≈≈≈≈≈~~........~~~~~~~~~.
.~~~~~~~~.†.......~~.~~.<..
.~~~~~~~...###..##.~.~~.###
.~~~./.Z...# ####.~..~>.##
..~..).tZE)###....~~.~~...
....?.ZZZmZ.E@......~~~....
~.....##....E.~......~~~..~
....m. ##m..~~~..##.~~~~~~<
,...t. ##....~~~.##.~~~~~~
..... #.....~~~~..~~~~...
.... ##...~~~~..........
~~.. ##...~~~......###...
#....m~~....### #..
#...~~...## #.


You could see an alligator snapping turtle (drained), a merfolk javelineer, 2
merfolk, 3 water elementals, 2 friendly spectral merfolk, a friendly spectral
merfolk impaler, a friendly spectral merfolk aquamancer, a friendly merfolk
zombie and a friendly merfolk aquamancer zombie.

Vanquished Creatures
  Agnes (D:14)
  Donald (Shoals:1)
  An orc warlord (Orc:2)
  A merfolk impaler (Shoals:3)
  Josephine (Lair:3)
  The ghost of Acoak the Fighter, a journeyman DgEE (Lair:1)
  A sphinx zombie (D:15)
  5 hydras
  A merfolk aquamancer (Shoals:3)
  3 centaur warriors
  3 death yaks
  An alligator snapping turtle (Shoals:2)
  A tengu warrior (D:13)
  7 two-headed ogres
  4 orc high priests (Orc:2)
  A deep elf knight (D:13)
  2 skysharks
  5 sea snakes
  A skeletal warrior (D:15)
  Pikel (D:4)
  2 orc knights
  2 deep elf zephyrmancers
  A lindwurm (Lair:2)
  2 obsidian bats
  8 harpies
  A necromancer (D:15)
  A wolf spider (Lair:5)
  4 deep elf pyromancers
  7 ugly things (D:14)
  2 orc sorcerers (Orc:2)
  5 manticores
  6 cyclopes
  4 black mambas
  3 kobold blastminers
  2 merfolk sirens
  5 elephants
  3 water nymphs
  A guardian serpent (Lair:5)
  A gargoyle (D:14)
  13 cane toads
  3 rime drakes
  5 yaktaurs
  4 kobold demonologists
  An efreet (D:14)
  2 tengu conjurers (D:13)
  5 komodo dragons
  7 trolls
  A hellwing (D:12)
  4 merfolk
  A blink frog (Lair:2)
  A wind drake (Shoals:1)
  3 snapping turtles
  2 dream sheep (Lair:3)
  10 slime creatures
  2 water elementals
  A wraith (Lair:3)
  5 wyverns
  A vampire (D:10)
  2 basilisks
  37 yaks
  2 steam dragons
  4 vampire mosquitoes (D:14)
  6 water moccasins
  2 acid dragons
  25 orc warriors
  A swamp drake (D:10)
  2 black bears
  3 ice beasts
  2 sky beasts (D:8)
  4 ogres
  12 wolves
  10 centaurs
  4 lemures
  2 phantoms
  8 kobold brigands
  9 bullfrogs
  A gnoll sergeant (D:10)
  3 scorpions
  6 killer bees
  An electric eel (Lair:1)
  A crimson imp (D:10)
  5 howler monkeys
  3 jellies (D:5)
  3 bombardier beetles
  2 hounds (D:6)
  33 orc priests
  An iron imp (D:10)
  22 orc wizards
  5 gnolls
  8 adders
  2 river rats (Sewer)
  2 shadow imps
  3 white imps
  73 orcs
  8 endoplasms
  9 giant cockroaches
  3 goblins
  4 hobgoblins
  2 jackals (D:1)
  5 quokkas
  9 ball pythons
  5 bats
  3 frilled lizards
  26 kobolds
  A quokka zombie (D:5)
  15 rats
  A rat zombie (D:5)
  A tentacle (Shoals:2)
574 creatures vanquished.

Vanquished Creatures (collateral kills)
  Jorgrun (Orc:2)
  A merfolk impaler (Shoals:1)
  2 hydras
  2 centaur warriors
  A catoblepas (Lair:2)
  A boulder beetle (D:15)
  A two-headed ogre (D:15)
  4 death yaks
  A skyshark (Lair:4)
  A skeletal warrior (D:15)
  2 orc knights (D:15)
  7 harpies
  3 ugly things
  A wolf spider (Lair:5)
  An orc sorcerer (Orc:2)
  2 oklob plants (Lair:5)
  2 cyclopes
  A manticore (shapeshifter) (D:15)
  5 black mambas (Lair:5)
  2 kobold blastminers (Orc:1)
  A water nymph (Shoals:2)
  5 elephants
  A rust devil (D:12)
  9 slime creatures
  A torpor snail (Lair:2)
  2 gargoyles
  3 kobold demonologists (D:14)
  3 komodo dragons
  8 cane toads
  2 rime drakes
  A yaktaur (D:13)
  5 merfolk
  3 polar bears (Lair:2)
  3 wind drakes
  3 trolls
  2 hornets (Lair:5)
  A snapping turtle (Shoals:1)
  3 dream sheep (Lair:3)
  12 yaks
  3 wraiths
  14 wyverns
  3 water elementals (Shoals:2)
  3 basilisks
  A golden eye (Lair:5)
  2 redbacks (Lair:5)
  A neqoxec (D:12)
  A chaos spawn (D:12)
  14 water moccasins
  An acid dragon (D:10)
  6 orc warriors
  A black bear (D:8)
  11 wolves
  2 ice beasts (D:8)
  5 ogres
  10 centaurs
  4 kobold brigands
  6 bullfrogs
  4 killer bees
  A howler monkey (D:10)
  3 crimson imps (D:12)
  9 orc priests
  A jelly (D:7)
  An iguana (D:5)
  10 orc wizards
  3 gnolls
  A shadow imp (D:12)
  2 white imps
  A ribbon worm (D:5)
  31 orcs
  2 frilled lizards
  10 kobolds
  An orc zombie (Orc:2)
  5 rats
282 creatures vanquished.

Vanquished Creatures (others)
  A stone giant (D:12)
  An ettin (Orc:2)
  A yaktaur captain (D:15)
  2 hydras
  2 boulder beetles
  An ogre mage (D:15)
  A merfolk aquamancer (Shoals:2)
  A death yak (Lair:3)
  An orc knight (D:12)
  A necromancer (D:12)
  5 ugly thing zombies (D:14)
  A harpy (Shoals:2)
  An elephant (Lair:2)
  A kobold blastminer (Orc:2)
  A death yak zombie (Lair:5)
  4 cane toads
  A sea snake zombie (Shoals:3)
  A hydra zombie (Lair:5)
  A harpy zombie (Shoals:3)
  A raiju (shapeshifter) (D:12)
  A dream sheep (Lair:1)
  A shadow (D:7)
  3 slime creature zombies (D:13)
  A water elemental (Shoals:2)
  A black mamba zombie (Lair:5)
  5 two-headed ogre zombies (D:15)
  A skyshark zombie (Lair:4)
  3 merfolk zombies
  A water moccasin (Lair:1)
  3 cane toad zombies
  3 manticore zombies
  4 orc warriors (Orc:2)
  A hornet zombie (Lair:5)
  2 ogres
  A snapping turtle zombie (Shoals:2)
  6 kobold zombies
  A komodo dragon zombie (Lair:2)
  3 yaktaur zombies (D:15)
  4 wyvern zombies (Lair:5)
  A cyclops zombie (D:13)
  6 water moccasin zombies
  A tengu zombie (D:13)
  2 polar bear zombies (Lair:2)
  3 troll zombies
  12 yak zombies
  2 wolf zombies (Lair:2)
  11 centaur zombies
  A basilisk zombie (Lair:2)
  4 bullfrog zombies
  2 orc priests (Orc:2)
  4 ogre zombies
  A jelly zombie (D:7)
  An orc (D:10)
  A quokka (D:15)
  40 orc zombies
  9 tentacles (Shoals:2)
175 creatures vanquished.

Grand Total: 1031 creatures vanquished

Notes
Turn   | Place    | Note
-------+----------+-------------------------------------------
     0 | D:1      | nel the Demonspawn Necromancer began the quest for the Orb.
     0 | D:1      | Reached XP level 1. HP: 13/13 MP: 3/3
   175 | D:1      | Gained mutation: You sometimes gain a little power by
                  | taking damage. [demonic ancestry]
   175 | D:1      | Reached XP level 2. HP: 18/19 MP: 0/5
   315 | D:1      | Reached skill level 5 in Necromancy
  1008 | D:2      | Reached XP level 3. HP: 24/24 MP: 1/6
  1022 | D:1      | Learned a level 3 spell: Vampiric Draining
  1345 | D:2      | Found a burning altar of Makhleb.
  1515 | D:3      | Gained mutation: Spells you cast may paralyse adjacent
                  | enemies. [demonic ancestry]
  1515 | D:3      | Reached XP level 4. HP: 30/30 MP: 2/7
  1780 | D:3      | Reached skill level 1 in Staves
  1791 | D:3      | Reached skill level 6 in Necromancy
  1873 | D:3      | Upgraded the game from 0.32-a0-960-g3814254bd7 to
                  | 0.32-a0-961-gd60f5e5fc7
  1874 | D:3      | Gained mutation: Spells you cast may paralyse nearby
                  | enemies. [demonic ancestry]
  1874 | D:3      | Reached XP level 5. HP: 33/35 MP: 1/8
  1890 | D:3      | HP: 1/35 [orc priest/divine providence (15)]
  2048 | D:3      | Found Goganufo's Distillery.
  2088 | D:3      | Bought a potion of curing for 30 gold pieces
  2088 | D:3      | Bought a potion of haste for 100 gold pieces
  2211 | D:3      | Noticed a phantom
  2288 | D:4      | Noticed Menkaure
  2427 | D:2      | Killed a phantom
  2428 | D:2      | Reached XP level 6. HP: 37/41 MP: 9/9
  2647 | D:3      | Found an iron altar of Okawaru.
  2647 | D:3      | Found a stormy altar of Qazlal.
  2722 | D:3      | Reached skill level 7 in Necromancy
  2946 | D:4      | Found a shadowy altar of Dithmenos.
  3009 | D:4      | Noticed Pikel
  3057 | D:4      | Killed Pikel
  3058 | D:4      | Reached skill level 8 in Necromancy
  3058 | D:4      | Gained mutation: Spells you cast and wands you use may
                  | paralyse nearby enemies. [demonic ancestry]
  3058 | D:4      | Reached XP level 7. HP: 43/46 MP: 0/10
  3292 | D:4      | Reached skill level 9 in Necromancy
  3401 | D:4      | Learned a level 4 spell: Animate Dead
  3700 | D:5      | Entered Level 5 of the Dungeon
  3718 | D:5      | HP: 2/46 [orc/+2 dagger of draining (4)]
  3850 | D:5      | Gained mutation: You are partially covered in large bone
                  | plates. (SH +4) [demonic ancestry]
  3850 | D:5      | Reached XP level 8. HP: 52/52 MP: 11/11
  3936 | D:5      | Found a glowing drain.
  3942 | Sewer    | Entered a sewer
  4196 | Sewer    | Reached skill level 5 in Dodging
  4856 | D:5      | Reached skill level 10 in Necromancy
  5710 | D:6      | Reached skill level 11 in Necromancy
  6345 | D:6      | Identified the +1 leather armour of Submission {Fly rC+
                  | Int+3}
  6526 | D:7      | Gained mutation: You have a pair of small antennae on your
                  | head. [demonic ancestry]
  6526 | D:7      | Reached XP level 9. HP: 57/57 MP: 12/12
  6529 | D:7      | Found a staircase to the Ecumenical Temple.
  6627 | Temple   | Entered the Ecumenical Temple
  6689 | D:7      | Reached skill level 1 in Long Blades
  6689 | D:7      | Reached skill level 1 in Evocations
  6771 | D:7      | Found an ancient bone altar of Kikubaaqudgha.
  6771 | D:7      | Found a sacrificial altar of Ru.
  6840 | D:7      | Found a blossoming altar of Fedhas.
  6848 | D:7      | Found a snail-covered altar of Cheibriados.
  6849 | D:7      | Became a worshipper of Kikubaaqudgha
  7204 | D:8      | Reached skill level 12 in Necromancy
  7224 | D:8      | Reached XP level 10. HP: 57/63 MP: 13/13
  7415 | D:8      | Noticed an elephant
  7439 | D:8      | Killed an elephant
  7528 | D:8      | Reached * piety under Kikubaaqudgha
  7528 | D:8      | Received a gift from Kikubaaqudgha
  7537 | D:8      | Found a staircase to the Lair.
  7537 | D:8      | Noticed an elephant
  7567 | D:8      | Killed an elephant
  7805 | D:8      | Reached skill level 5 in Long Blades
  8051 | Lair:1   | Entered Level 1 of the Lair of Beasts
  8576 | D:9      | Reached skill level 13 in Necromancy
  8654 | D:9      | Reached ** piety under Kikubaaqudgha
  8673 | D:9      | Learned a level 5 spell: Curse of Agony
  9095 | D:10     | Entered Level 10 of the Dungeon
  9345 | Lair:1   | Gained mutation: You have a pair of antennae on your head.
                  | [demonic ancestry]
  9345 | Lair:1   | Reached XP level 11. HP: 67/68 MP: 14/14
  9693 | Lair:1   | Found a blossoming altar of Fedhas.
  9695 | Lair:1   | Noticed an oklob plant
  9695 | Lair:1   | Noticed an oklob plant
 10011 | Lair:1   | Found a runed translucent gate.
 10011 | Lair:1   | Found a runed translucent gate.
 10011 | Lair:1   | Found a runed translucent gate.
 10014 | Lair:1   | Noticed a 12-headed hydra
 10015 | Lair:1   | Noticed Acoak's ghost (journeyman DgEE)
 10016 | Lair:1   | Noticed a ten-headed hydra
 10055 | Lair:2   | Found a staircase to the Shoals.
 10077 | Lair:2   | Found a hole to the Spider Nest.
 10153 | Lair:2   | Noticed a skyshark
 10188 | Lair:2   | Reached skill level 14 in Necromancy
 10188 | Lair:2   | Noticed an eight-headed hydra
 10191 | Lair:2   | Killed a skyshark
 10200 | Lair:2   | Reached skill level 1 in Fighting
 10204 | Lair:2   | Reached skill level 10 in Dodging
 10207 | Lair:2   | Reached *** piety under Kikubaaqudgha
 10207 | Lair:2   | Received a gift from Kikubaaqudgha
 10429 | Lair:2   | Noticed a five-headed hydra
 10435 | Lair:2   | Killed a five-headed hydra
 10436 | Lair:2   | Reached XP level 12. HP: 69/80 MP: 15/15
 10464 | Lair:2   | Noticed a catoblepas
 10843 | Lair:3   | Noticed Josephine
 10851 | Lair:3   | Killed Josephine
 10988 | Lair:3   | Noticed a seven-headed hydra
 10997 | Lair:3   | Killed a seven-headed hydra
 11224 | Lair:3   | Reached skill level 15 in Necromancy
 11310 | Lair:3   | Found a transporter.
 11310 | Lair:3   | Noticed a boulder beetle
 11311 | Lair:3   | Found a transporter.
 11526 | Lair:3   | Reached skill level 5 in Fighting
 11798 | Lair:4   | Found a viscous altar of Jiyva.
 11798 | Lair:4   | Found a staircase to the Slime Pits.
 11824 | Lair:4   | Reached **** piety under Kikubaaqudgha
 11883 | Lair:4   | Noticed a death yak
 11886 | Lair:4   | Noticed a death yak
 11888 | Lair:4   | Noticed a death yak
 11890 | Lair:4   | Noticed a death yak
 11893 | Lair:4   | Killed a death yak
 11894 | Lair:4   | Reached XP level 13. HP: 90/92 MP: 7/19
 12072 | Lair:5   | Entered Level 5 of the Lair of Beasts
 12114 | Lair:5   | Reached skill level 10 in Long Blades
 12114 | Lair:5   | Reached ***** piety under Kikubaaqudgha
 12122 | Lair:5   | Got Sif Muna's Almanac of Fog
 12224 | Lair:5   | Reached skill level 1 in Armour
 12224 | Lair:5   | Reached skill level 16 in Necromancy
 12643 | Lair:5   | Got an earthy gem with 307 turns to spare
 12983 | Lair:5   | Learned a level 6 spell: Death Channel
 13655 | Lair:4   | Reached XP level 14. HP: 76/104 MP: 18/20
 14551 | Lair:1   | Identified the +4 war axe "Jellybane" {heavy, Str+7}
 14649 | Lair:1   | Killed Acoak's ghost
 14936 | D:10     | Found an opulent altar of Gozag.
 15207 | D:10     | Found a sparkling altar of Nemelex Xobeh.
 15611 | D:10     | Found a staircase to the Orcish Mines.
 15681 | D:10     | HP: 5/105 [sun demon[a kobold demonologist] (12)]
 15818 | D:10     | Found an opulent altar of Gozag.
 16379 | Orc:1    | Entered Level 1 of the Orcish Mines
 17214 | Orc:2    | Entered Level 2 of the Orcish Mines
 17256 | Orc:2    | Found a staircase to the Elven Halls.
 17278 | Orc:2    | Noticed Jorgrun
 17290 | Orc:2    | HP: 3/106 [Jorgrun/staff of earth (5)]
 17404 | Orc:2    | Killed Jorgrun
 17546 | Orc:2    | Found Apni's Overcharged Wands.
 17957 | Orc:2    | Noticed an orc warlord
 18056 | Orc:2    | Upgraded the game from 0.32-a0-961-gd60f5e5fc7 to
                  | 0.32-a0-975-g85d4e5bfdb
 18174 | Orc:2    | Reached ****** piety under Kikubaaqudgha
 18482 | Orc:2    | Killed an orc warlord
 18483 | Orc:2    | Reached skill level 17 in Necromancy
 18700 | Orc:2    | Found Hiesuw's Assorted Antiques.
 18700 | Orc:2    | Found Wipatru's Book Emporium.
 18701 | Orc:2    | Found Unaddag's Jewellery Emporium.
 18705 | Orc:2    | Found Puocaeso's Assorted Antiques.
 18965 | Orc:2    | Bought a book of Battle for 480 gold pieces
 19065 | Orc:2    | Bought a wand of charming (18) for 648 gold pieces
 19065 | Orc:2    | Bought a wand of flame (40) for 420 gold pieces
 19557 | D:11     | Found a gate leading to a gauntlet.
 20422 | D:13     | Gained mutation: You are mostly covered in large bone
                  | plates. (SH +6) [demonic ancestry]
 20422 | D:13     | Reached XP level 15. HP: 114/114 MP: 13/21
 20641 | D:13     | Reached skill level 5 in Evocations
 20802 | D:13     | Found a gate to the Vaults.
 21370 | D:14     | Learned a level 3 spell: Fugue of the Fallen
 21704 | D:14     | Reached skill level 10 in Fighting
 21853 | D:14     | Found a roughly hewn altar of Beogh.
 21923 | D:14     | Noticed Agnes
 22310 | D:14     | Killed Agnes
 22440 | D:13     | Identified a +3 great sword of pain (a +1 heavy great sword
                  | bloodied by Kikubaaqudgha)
 22440 | D:13     | Received a gift from Kikubaaqudgha
 22729 | D:14     | Found Qoitauh's Antique Weapon Boutique.
 22828 | D:15     | Entered Level 15 of the Dungeon
 23609 | D:15     | Found a staircase to the Depths.
 23928 | Shoals:1 | Entered Level 1 of the Shoals
 24093 | Shoals:1 | Noticed Donald
 24108 | Shoals:1 | Killed Donald
 24109 | Shoals:1 | Gained mutation: You have a pair of large antennae on your
                  | head. (SInv) [demonic ancestry]
 24109 | Shoals:1 | Reached XP level 16. HP: 35/124 MP: 22/22
 24336 | Shoals:1 | Found Pitio's General Store.
 24806 | Shoals:2 | Found Joil's Book Shop.
 24962 | Shoals:2 | Reached skill level 18 in Necromancy
 25044 | Shoals:2 | Noticed a kraken
 25414 | Shoals:3 | HP: 3/124 [merfolk javelineer/silver javelin (10)]
 25414 | Shoals:3 | Hit by a silver javelin thrown by a merfolk javelineer

Illustrated notes

Levels and vault maps discovered:
D:1:      dpeg_arrival_rooms_with_view, layout_basic, minmay_pentomino_z4
D:2:      layout_rooms, basic_altar
D:3:      layout_loops_ring, gammafunk_temple_overflow_statue, serial_shops,
          nicolae_shop_tiny_waterfront
D:4:      layout_basic, grunt_dithmenos_smoke, elyvilon_altar_3, uniq_menkaure,
          uniq_pikel
D:5:      layout_basic, enter_ossuary_4, portal_sewer_entry_e
D:6:      layout_loops_cross, minmay_fractal_squares_gapless_5
D:7:      layout_rooms, nicolae_overflow_macrodata_refinement,
          minmay_temple_entry_mini_moons
D:8:      layout_cave_pools, grunt_lair_entry_orc_guard_hut
D:9:      layout_basic
D:10:     layout_layer_cave, nemelex_spade_bored_becter, orc_0_dummy,
          chequers_jeans, hangedman_feature_mirror, hangedman_minor_magic
D:11:     layout_loops_ring, gauntlet_entry_generic
D:12:     layout_cave_pools, grunt_decor_one_mirror,
          nicolae_demonic_statue_gallery
D:13:     layout_cave_pools, hangedman_vaults_entry_quadrant_bands
D:14:     layout_loops_ring, hangedman_decor_opposing, serial_shops, shop,
          special_room [special_room_orc], uniq_agnes
D:15:     gammafunk_depths_entry_grave, layout_stronghold,
          nicolae_kite_square_tiling_tiny, unseen_surprise_small
Temple:   hellmonk_temple_forest_ring
Lair:1:   layout_roguey, gammafunk_ghost_hydra_chop, hangedman_tree_tricks,
          dpeg_stationary_puzzle
Lair:2:   nzn_winding_woodlands_stair_cross
          [nzn_winding_woodlands_5x15_sawtooth,
          nzn_winding_woodlands_center_lodge, nzn_winding_woodlands_5x15_jagged,
          nzn_winding_woodlands_5x5_three, nzn_winding_woodlands_5x5_cross,
          nzn_winding_woodlands_5x15_crooked,
          nzn_winding_woodlands_center_triple_pond,
          nzn_winding_woodlands_5x15_pockets], layout_long_grid,
          elwin_shoals_entry_rocks, spider_nest_entry_web_field
Lair:3:   gammafunk_boulding_lane, layout_big_grid, uniq_josephine
Lair:4:   layout_loops_ring, slime_entry_1, chequers_serial_rivers_micro_d,
          serial_bayou_pond_e, beast_lair_carwin_3, serial_bayou_shore_b
Lair:5:   hangedman_lair_tendril_chambers, layout_regular_city,
          nicolae_volcano_entry_s_turn, disabler_island, lemuel_fruit_tree
Shoals:1: layout_shoals, nicolae_take_the_stairs,
          nicolae_shoals_lost_giant_temple, uniq_donald
Shoals:2: layout_shoals, serial_shops, nicolae_book_shop_shelving,
          ebering_ghost_xom
Shoals:3: layout_shoals
Orc:1:    minmay_goldmine, layout_diamond_mine
Orc:2:    st_orc_mages, layout_diamond_mine, nicolae_shop_overcharged_wands,
          uniq_jorgrun

Skill      XL: |  1  2  3  4  5  6  7  8  9 10 11 12 13 14 15 16 |
---------------+-------------------------------------------------+-----
Necromancy     | 5 6 8 9 11 12 13 14 15 16 17 18 | 18.2
Dodging        | 2 3 4 6 7 8 10 11 12 13 14 | 14.0
Staves         | 1 |  1.7
Long Blades    | 3 6 8 9 10 11 13 14 | 14.1
Evocations     | 3 4 6 7 |  7.5
Fighting       | 2 5 7 9 10 | 10.7
Spellcasting   | 4 |  4.0
Armour         | 2 3 |  3.0
Stealth        | |  1.7

Action                     |  1- 3 |  4- 6 |  7- 9 | 10-12 | 13-15 | 16-18 || total
---------------------------+-------+-------+-------+-------+-------+-------++-------
  Melee: Hand axe          |     6 |       |       |       |       |       ||     6
         Quarterstaff      |    35 |     7 |       |       |       |       ||    42
         Short sword       |       |   110 |   233 |    87 |       |       ||   430
         Whip              |       |       |    32 |       |       |       ||    32
         Dagger            |       |       |       |   282 |   298 |       ||   580
         Long sword        |       |       |       |       |   272 |       ||   272
         Scimitar          |       |       |       |       |   478 |       ||   478
         Great sword       |       |       |       |       |   136 |    96 ||   232
  Throw: Dart              |       |       |     4 |     2 |       |       ||     6
         Boomerang         |       |       |     3 |       |       |       ||     3
         Javelin           |       |       |       |       |     1 |       ||     1
   Cast: Necrotise         |    42 |    27 |    95 |    40 |    22 |       ||   226
         Vampiric Draining |       |     5 |    24 |    56 |   122 |    13 ||   220
         Animate Dead      |       |       |     4 |    10 |    17 |     4 ||    35
         Curse of Agony    |       |       |       |    16 |    85 |     5 ||   106
         Death Channel     |       |       |       |       |    25 |     4 ||    29
         Fugue of the Fall |       |       |       |       |     4 |       ||     4
 Invoke: Unearth Wretches  |       |       |       |     2 |     7 |       ||     9
         Brand Weapon With |       |       |       |       |     1 |       ||     1
  Evoke: Wand              |       |     1 |     2 |     7 |    18 |       ||    28
         Lightning rod     |       |       |       |       |     2 |       ||     2
    Use: Potion            |       |     3 |     3 |     1 |    14 |     2 ||    23
         Scroll            |       |     1 |    11 |     4 |    24 |     4 ||    44
   Stab: Sleeping          |     1 |       |     3 |       |     2 |       ||     6
         Paralysed         |       |     7 |    53 |    97 |   196 |     6 ||   359
         Distracted        |       |       |       |     4 |    14 |     3 ||    21
 Armour: Robe              |    32 |    58 |    61 |       |       |       ||   151
         Leather armour    |       |       |    62 |   251 |   695 |   118 ||  1126
  Dodge: Dodged            |    37 |    68 |   149 |   247 |   767 |   133 ||  1401
  Block: Other             |       |       |    34 |    58 |   201 |    49 ||   342

Table legend: (Time is in decaauts)
 A = Elapsed time spent in this place.
 B = Non-inter-level travel time spent in this place.
 C = Inter-level travel time spent in this place.
 D = Time resting spent in this place.
 E = Time spent auto-exploring this place.
 F = Levels seen in this place.
 G = Mean time per level.
                   A        B        C        D        E       F      G
               +--------+--------+--------+--------+--------+-----+--------+
         Total |  25182 |  23445 |   1737 |   1143 |  15626 |  27 |  932.7 |
       Dungeon |  14825 |  13675 |   1150 |    648 |   9245 |  15 |  988.3 |
        Temple |      1 |      1 |      0 |      0 |      0 |   1 |    1.0 |
          Lair |   5512 |   5196 |    316 |    106 |   3603 |   5 | 1102.4 |
        Shoals |   1482 |   1441 |     41 |    177 |    847 |   3 |  494.0 |
  Orcish Mines |   2685 |   2457 |    228 |    211 |   1437 |   2 | 1342.5 |
         Sewer |    675 |    675 |      0 |      0 |    494 |   1 |  675.0 |
               +--------+--------+--------+--------+--------+-----+--------+

Top non-repeatable levels by time:
   Orc:2: 1706 daAuts
    D:10: 1559 daAuts
    D:14: 1490 daAuts
  Lair:1: 1305 daAuts
  Lair:5: 1197 daAuts
     D:3: 1194 daAuts
     D:8: 1102 daAuts
     D:1: 1086 daAuts
     D:5: 1082 daAuts
     D:9: 1043 daAuts
  Lair:2: 1027 daAuts
    D:13: 1012 daAuts
     D:4: 1006 daAuts
  Lair:4: 998 daAuts
  Lair:3: 982 daAuts
